 Dungeon Crawl Stone Soup version 0.27-a0-1196-g3e9cee4cb2 (webtiles) character file.

Game seed: 12199603031943871309

42 Kold the Insei (level 3, 0/23 HPs)
             Began as an Octopode Transmuter on May 28, 2021.
             Slain by a goblin
             ... wielding a +0 club
             ... led by Robin
              (4 damage)
             ... on level 1 of the Dungeon.
             The game lasted 00:03:03 (2134 turns).

Kold the Insei (Octopode Transmuter)                Turns: 2134, Time: 00:03:03

Health: 0/23       AC:  1    Str:  9    XL:     3   Next: 56%
Magic:  4/6        EV: 13    Int: 16    God:
Gold:   125        SH:  0    Dex: 12    Spells: 2/6 levels left

rFire    . . .     SeeInvis .     - Unarmed
rCold    . . .     Faith    .   (no shield)
rNeg     . . .     Spirit   .   (helmet currently unavailable)
rPois    .         Reflect  .   (no amulet)
rElec    .         Harm     .   (no ring)
rCorr    .         Rampage  .   (no ring)
Will     .....                  (no ring)
Stlth    +++.......             (no ring)
HPRegen  0.07/turn              (no ring)
MPRegen  0.10/turn              (no ring)
                                (no ring)
                                (no ring)

@: appendages
A: tentacle spike 3, almost no armour, amphibious, 8 rings, camouflage 1,
gelatinous body 1, (nimble swimmer 1), tentacles
a: End Transformation


You were on level 1 of the Dungeon.
One of your tentacles had grown a beastly spike.
You visited 1 branch of the dungeon, and saw 2 of its levels.

You collected 125 gold pieces.

Inventory:

Scrolls
 b - 2 scrolls of identify {unknown}
 c - a scroll of brand weapon {unknown}
 d - a scroll of acquirement {unknown}
 f - a scroll of blinking {unknown}
 g - a scroll of fear {unknown}
Potions
 a - 2 potions of mutation {unknown}
 e - 2 potions of cancellation {unknown}
 h - a potion of lignification {unknown}


   Skills:
 - Level 1.0 Fighting
 - Level 2.0 Dodging
 - Level 2.0 Stealth
 - Level 3.3 Unarmed Combat
 - Level 2.0 Spellcasting
 + Level 2.8 Transmutations
 + Level 1.1 Poison Magic


You had 2 spell levels left.
You knew the following spells:

 Your Spells              Type           Power      Damage    Failure   Level
a - Beastly Appendage     Tmut           20%        N/A       6%          1
b - Spider Form           Tmut/Pois      3%         N/A       28%         3

Your spell library contained the following spells:

 Spells                   Type           Power      Damage    Failure   Level
 Wereblood                Tmut           10%        N/A       10%         2
 Ice Form                 Ice/Tmut       6%         N/A       75%         4
 Hydra Form               Tmut           5%         N/A       87%         5


Dungeon Overview and Level Annotations

Branches:
Dungeon (2/15)

Altars:

Annotations:
D:2 1 runed translucent door, 1 exclusion, Crazy Yiuf, Robin


Innate Abilities, Weirdness & Mutations

One of your tentacles has grown a beastly spike.
You cannot wear most types of armour.
You are amphibious.
You can wear up to eight rings at the same time.
Your skin changes colour to match your surroundings (Stealth+).
Your rubbery body absorbs attacks. (AC +1, EV +1)
((You are camouflaged near water. (Stealth+)))
You have tentacles for arms and can constrict up to eight enemies at once.


Message History

There is a stone staircase leading up here.
The hobgoblin hits you.
You climb upwards.
There is a stone staircase leading down here.
You are too injured to fight recklessly!
You are too injured to fight recklessly!
You closely miss the hobgoblin. You grab the hobgoblin.
Your tentacle spike disappears.
You constrict the hobgoblin, but do no damage.
The hobgoblin closely misses you.
You tentacle-slap the hobgoblin.
The hobgoblin is severely wounded.
You constrict the hobgoblin, but do no damage.
You tentacle-slap the hobgoblin.
You kill the hobgoblin!
You start resting.
HP restored.
Casting: Beastly Appendage (safe; 6% risk of failure)
Confirm with . or Enter, or press ? or * to list all spells.
You miscast Beastly Appendage.
You are very lightly contaminated with residual magic.
Nothing appears to happen.
You climb downwards.
Level annotation: 1 runed translucent door, 1 exclusion, Crazy Yiuf, Robin The goblin closely misses you.
The goblin barely misses you. The goblin hits you with a +0 club.
The hobgoblin closely misses you.
There is a stone staircase leading up here.
The goblin hits you with a +3 dagger. The goblin hits you with a +0 club.
The hobgoblin closely misses you.
You climb upwards.
There is a stone staircase leading down here.
Casting: Beastly Appendage (safe; 6% risk of failure)
Confirm with . or Enter, or press ? or * to list all spells.
One of your tentacles grows a vicious spike.
The goblin hits you with a +3 dagger. The goblin hits you with a +0 club.
* * * LOW HITPOINT WARNING * * *
The hobgoblin closely misses you.
Your magical contamination has completely faded away.
The goblin barely misses you. The goblin hits you with a +0 club.
You die...

...'...'...#...####.........##.##
...#...#...#...####.........##..#
#########'##...#............##...
...#...#...#.#...##.............#
.⌠.#...'...#.....#######.........
...#...#[..#...#......###>......#
#'###'###'####..#####.# #.......#
...#...#...####.g..##.###.......#
.<.'...#...'....@................
...#...#...#...gg................
#########'##......♣.♣.......>....
...#...#...#....♣.....♣.....####.
.⌠.'...'...#......♣.♣..####..###.
...#...#...#...♣.♣...♣.♣ ##.....
#'##########.......♣...# ###...
####.......#...♣.♣...♣.♣######...
#.......#......♣.♣............


You could see a hobgoblin and 2 goblins.

Vanquished Creatures
  A dart slug (D:1)
  7 bats
  3 endoplasms (D:1)
  A giant cockroach (D:2)
  6 goblins
  4 hobgoblins
  A quokka (D:1)
  4 ball pythons
  5 frilled lizards (D:1)
  3 kobolds
  4 rats (D:1)
39 creatures vanquished.

Vanquished Creatures (others)
  7 plants (D:1)
7 creatures vanquished.

Grand Total: 46 creatures vanquished

Notes
Turn   | Place    | Note
-------+----------+-------------------------------------------
     0 | D:1      | Kold the Octopode Transmuter began the quest for the Orb.
     0 | D:1      | Reached XP level 1. HP: 13/13 MP: 3/3
   100 | D:1      | Reached skill level 1 in Stealth
   209 | D:1      | Reached XP level 2. HP: 15/18 MP: 3/5
   729 | D:1      | Reached XP level 3. HP: 21/23 MP: 6/6
   934 | D:1      | Learned a level 3 spell: Spider Form
  1614 | D:2      | Found a runed translucent door.
  1615 | D:2      | Noticed Crazy Yiuf
  1880 | D:2      | Reached skill level 1 in Poison Magic
  1900 | D:2      | Noticed Robin
  2134 | D:1      | Slain by a goblin

Illustrated notes

Levels and vault maps discovered:
D:1:      co_arrival_random_square_maze, layout_rooms, serial_forest,
          infiniplex_forest_lined_3, infiniplex_forest_end_2,
          infiniplex_forest_straight_4, infiniplex_forest_end_2,
          infiniplex_forest_lined_ring, infiniplex_forest_clump_double,
          hangedman_abyss_or_decor_stabs
D:2:      layout_basic, uniq_crazy_yiuf_cottage, uniq_robin

Skill      XL: |  1  2  3 |
---------------+----------+-----
Stealth        | 1 2 |  2.0
Poison Magic   | 1 |  1.1
Fighting       | |  1.0
Dodging        | |  2.0
Unarmed Combat | |  3.3
Spellcasting   | |  2.0
Transmutations | |  2.8

Action                   || total
-------------------------++-------
Melee: Unarmed           ||   130
       Constrict         ||    26
       Tentacles         ||    27
       Kick              ||     4
       Punch             ||     1
 Cast: Beastly Appendage ||    10
 Stab: Sleeping          ||    10
       Distracted        ||     1
Armor: Skin              ||    17
Dodge: Dodged            ||    73

Table legend: (Time is in decaauts)
 A = Elapsed time spent in this place.
 B = Non-inter-level travel time spent in this place.
 C = Inter-level travel time spent in this place.
 D = Time resting spent in this place.
 E = Time spent auto-exploring this place.
 F = Levels seen in this place.
 G = Mean time per level.
                   A        B        C        D        E       F      G
               +--------+--------+--------+--------+--------+-----+--------+
         Total |   2128 |   2078 |     50 |    464 |   1264 |   2 | 1064.0 |
       Dungeon |   2128 |   2078 |     50 |    464 |   1264 |   2 | 1064.0 |
               +--------+--------+--------+--------+--------+-----+--------+

Top non-repeatable levels by time:
     D:1: 1588 daAuts
     D:2: 539 daAuts
